 Dungeon Crawl Stone Soup version 0.31-a0-1002-g8e65716e6e (webtiles) character file.

Game seed: 647448278840844576

98 Maratek the Trooper (level 4, -6/37 HPs)
             Began as a Demonspawn Fighter on Nov 9, 2023.
             Killed by nerve-wracking pain
             ... invoked by Grinder
              (12 damage)
             ... on level 3 of the Dungeon.
             The game lasted 00:02:00 (1506 turns).

Maratek the Trooper (Demonspawn Fighter)            Turns: 1506, Time: 00:02:01

Health: -6/37      AC:  6    Str: 17    XL:     4   Next: 44%
Magic:  4/4        EV: 11    Int:  9    God:
Gold:   81         SH:  0    Dex: 14    Spells: 3/3 levels left

rFire   . . .        a - +0 trident
rCold   + . .        (no shield)
rNeg    . . .        b - +0 scale mail
rPois   .            (no helmet)
rElec   .            (no cloak)
rCorr   .            (no gloves)
SInv    .            (no boots)
Will    .....        (no amulet) Stlth
                     e - ring of protection from cold
HPRegen 0.26/turn    (no ring)
MPRegen 0.09/turn

%: no passive effects
@: no status effects
A: repulsion field 1, demonic touch 1
a: no special abilities


You were on level 3 of the Dungeon.
You visited 1 branch of the dungeon, and saw 3 of its levels.

You collected 81 gold pieces.

Inventory:

Hand Weapons
 a - a +0 trident (weapon)
Armour
 b - a +0 scale mail (worn)
Jewellery
 e - a ring of protection from cold (left hand)
Scrolls
 f - a scroll of identify
 i - a scroll of teleportation
Potions
 c - 2 potions of heal wounds {unknown}
 d - 2 potions of might
 g - 2 potions of invisibility {unknown}
 h - a potion of berserk rage {unknown}


   Skills:
 + Level 3.7 Fighting
 + Level 3.0 Polearms
 + Level 3.2 Armour
 + Level 3.0 Shields


You had 3 spell levels left.
You didn't know any spells.
Your spell library contained the following spells:

 Spells                   Type           Power      Damage    Failure   Level
 Magic Dart               Conj           0%         1d3       80%         1
 Call Imp                 Summ           0%         N/A       90%         2
 Mephitic Cloud           Conj/Pois/Air  0%         N/A       99%         3


Dungeon Overview and Level Annotations

Branches:
Dungeon (3/15)

Altars:

Annotations:
D:3 Grinder


Innate Abilities, Weirdness & Mutations

You are surrounded by a mild repulsion field. (EV +2)
Your touch may inflict minor irresistible damage on your foes.


Message History

You are too injured to fight recklessly!
You are too injured to fight recklessly!
You are too injured to fight recklessly!
You are too injured to fight recklessly!
You are too injured to fight recklessly!
You are too injured to fight recklessly!
Unknown command.
You closely miss the adder.
The adder is almost dead.
You feel sick. The adder bites you but does no damage.
You barely miss the adder.
The adder is almost dead.
You feel sick.
A bat comes into view.
The adder misses you. The adder bites you but does no damage.
The bat moves out of view.
You barely miss the adder.
The adder is almost dead.
You feel sick. Grinder hits you.
* * * LOW HITPOINT WARNING * * *
You writhe in agony.
* * * LOW HITPOINT WARNING * * *
The adder bites you but does no damage.
You barely miss the adder.
The adder is almost dead.
You feel sick. The adder bites you but does no damage.
Grinder blinks!
The adder bites you but does no damage.
You hit the adder but do no damage.
The adder is almost dead.
You feel sick.
You are no longer poisoned.
The adder barely misses you.
You miss the adder. Your touch misses the adder.
The adder is almost dead.
The adder barely misses you.
An endoplasm comes into view.
Grinder gestures at you. Pain shoots through your body!
You die...
Grinder says, "Now the real fun starts!"

#.#.#.#.#.#.#.#.#.#
.%#.#.#.#.#.#.#.#.
#.#)#.#.#.#.#.#.#
#.#.#.#.#.#.#.#
#.#†#.#.#.#.#.#
.#.#.#.#.#.#J#.
#.#.#.#.#.#.#.#
..#.#.#.#.#S#.#.
#.#.#.#.#.#@#.#.
....#.#.#.#.#.#.#
..###.#.#.#.#.#.5.#
#. .#.#.#.# #.....#
.#.#.# #...#.#
#.#.# ...#. .#.#
.#.# .# #.#.


You could see Grinder, an adder and an endoplasm (wandering).

Vanquished Creatures
  5 adders
  A worm (D:2)
  A dart slug (D:2)
  4 ball pythons
  An endoplasm (D:2)
  5 giant cockroaches
  6 goblins
  3 hobgoblins
  2 jackals (D:3)
  7 kobolds
  2 quokkas
  2 bats (D:2)
  2 frilled lizards
  3 rats
44 creatures vanquished.

Notes
Turn   | Place    | Note
-------+----------+-------------------------------------------
     0 | D:1      | Maratek the Demonspawn Fighter began the quest for the Orb.
     0 | D:1      | Reached XP level 1. HP: 18/18 MP: 1/1
    82 | D:1      | Found a faded altar of an unknown god.
   287 | D:1      | Gained mutation: Your touch may inflict minor irresistible
                  | damage on your foes. [demonic ancestry]
   287 | D:1      | Reached XP level 2. HP: 24/24 MP: 2/2
   833 | D:2      | Reached XP level 3. HP: 24/29 MP: 3/3
  1215 | D:2      | Gained mutation: You are surrounded by a mild repulsion
                  | field. (EV +2) [demonic ancestry]
  1215 | D:2      | Reached XP level 4. HP: 35/35 MP: 4/4
  1488 | D:3      | Noticed Grinder
  1492 | D:3      | Paralysed by Grinder for 3 turns
  1506 | D:3      | Killed from afar by Grinder

Illustrated notes

Levels and vault maps discovered:
D:1:      elethiomel_arrival_infinity_welcomes_careful_drivers, layout_rooms,
          nicolae_ecumenical_lake_church, minmay_misc_feat_nine_boxes
D:2:      layout_basic, serial_rivers, chequers_serial_rivers_micro_c,
          chequers_serial_rivers_room_b, chequers_serial_rivers_micro_a,
          chequers_serial_rivers_micro_b
D:3:      layout_basic, lexackson_kobold_supper, uniq_grinder

Skill      XL: |  1  2  3  4 |
---------------+-------------+-----
Polearms       | 2 3 |  3.0
Armour         | 3 |  3.2
Shields        | 3 |  3.0
Fighting       | |  3.7

Action                     |  1- 3 |  4- 6 || total
---------------------------+-------+-------++-------
  Melee: Trident           |    88 |    43 ||   131
         Touch             |     8 |     5 ||    13
    Use: Scroll            |       |     3 ||     3
 Armour: Scale mail        |    36 |    45 ||    81
  Dodge: Dodged            |    18 |    33 ||    51
  Block: Buckler           |     1 |       ||     1

Table legend: (Time is in decaauts)
 A = Elapsed time spent in this place.
 B = Non-inter-level travel time spent in this place.
 C = Inter-level travel time spent in this place.
 D = Time resting spent in this place.
 E = Time spent auto-exploring this place.
 F = Levels seen in this place.
 G = Mean time per level.
                   A        B        C        D        E       F      G
               +--------+--------+--------+--------+--------+-----+--------+
         Total |   1538 |   1485 |     53 |      0 |   1210 |   3 |  512.7 |
       Dungeon |   1538 |   1485 |     53 |      0 |   1210 |   3 |  512.7 |
               +--------+--------+--------+--------+--------+-----+--------+

Top non-repeatable levels by time:
     D:2: 808 daAuts
     D:1: 649 daAuts
     D:3: 79 daAuts
